 Dungeon Crawl Stone Soup version 0.21-a0-552-g593960d (webtiles) character file.

56 Bluekicks the Conjurer (level 3, -2/26 HPs)
             Began as a Draconian Conjurer on Dec 17, 2017.
             Slain by an adder (5 damage)
             ... on level 2 of the Dungeon.
             The game lasted 00:20:33 (1588 turns).

Bluekicks the Conjurer (Draconian Conjurer)         Turns: 1588, Time: 00:20:33

Health: -2/26      AC:  5    Str: 10    XL:     3   Next: 69%
Magic:  1/7        EV: 12    Int: 16    God:
Gold:   53         SH:  0    Dex: 11    Spells: 4/7 levels left

rFire    . . .     SeeInvis .   e - +0 spear
rCold    . . .     Gourm    .   (no shield)
rNeg     . . .     Faith    .   (armour unavailable)
rPois    .         Spirit   .   (helmet restricted)
rElec    .         Reflect  .   (no cloak)
rCorr    .         Harm     .   (no gloves)
MR       .....                  (no boots)
Stlth    ++........             (no amulet)
HPRegen  0.08/turn              (no ring)
MPRegen  0.10/turn              (no ring)

@: lethally poisoned (-2 -> -5)
A: unfitting armour, cold-blooded, AC +5
a: no special abilities


You were on level 2 of the Dungeon.
You were not hungry.

You visited 1 branch of the dungeon, and saw 2 of its levels.

You collected 53 gold pieces.

Inventory:

Hand Weapons
 e - a +0 spear (weapon)
 g - a +0 short sword
Scrolls
 h - a scroll of identify {unknown}
Potions
 c - a potion of ambrosia {unknown}
 d - a potion of curing {unknown}
Books
 a - a book of Conjurations

   Spells                             Type                      Level
   a - Magic Dart                     Conjuration                  1
   b - Searing Ray                    Conjuration                  2
   c - Dazzling Spray                 Conjuration/Hexes            3
   d - Fulminant Prism                Conjuration/Hexes            4
   e - Force Lance                    Conjuration/Translocation    4
   f - Iskenderun's Mystic Blast      Conjuration                  4
Comestibles
 b - a bread ration


   Skills:
 + Level 2.2 Dodging
 + Level 2.2 Stealth
 * Level 2.7 Spellcasting
 + Level 4.4 Conjurations


You had 4 spell levels left.
You knew the following spells:

 Your Spells              Type           Power        Failure   Level  Hunger
a - Magic Dart            Conj           ###.         3%          1    #......
b - Searing Ray           Conj           ###...       4%          2    ##.....


Dungeon Overview and Level Annotations

Branches:
Dungeon (2/15)

Altars:


Innate Abilities, Weirdness & Mutations

Your plain brown scales are hard. (AC +5)
You cannot fit into any form of body armour.
You are cold-blooded and may be slowed by cold attacks.


Message History

* * * LOW HITPOINT WARNING * * *
The adder misses you.
You hit the adder.
The adder is almost dead.
The bat completely misses you. The adder bites you.
* * * LOW HITPOINT WARNING * * *
The adder closely misses you.
You barely miss the adder.
Your tail-slap misses the adder.
The adder is almost dead.
The bat closely misses you. The adder barely misses you.
You hit the adder but do no damage.
The adder is almost dead.
You feel sick. The bat hits you.
* * * LOW HITPOINT WARNING * * *
The adder barely misses you.
You closely miss the adder.
The adder is almost dead.
The bat hits you but does no damage. The adder bites you but does no damage.
The adder bites you.
You die...

#.......... #..#
#.####.#### #..# #.#
#.###.
#..#####.####..... #
#..##.......#..##.
##.####..##.#####.#..###
.....<..(##.# #.....)†
.......bS...# #.#####.
... ###@###.# #.# #. #.#
#.....#.#####.# #. #[#
#.....#.).....# #. #.
#.# #...)........## #.
#. #.# #.....##...### ##
#. #.# #.....##>.## #.
#.# ########.... #.##.##
#....≈ #.#...# #...≈...


You could see an adder and a bat.

Vanquished Creatures
  3 adders (D:2)
  A leopard gecko (D:1)
  3 giant cockroaches
  2 goblins (D:1)
  3 hobgoblins
  4 jackals (D:1)
  2 bats
  2 frilled lizards (D:1)
  5 kobolds
  4 rats
29 creatures vanquished.

Notes
Turn   | Place    | Note
-------+----------+-------------------------------------------
     0 | D:1      | Bluekicks the Draconian Conjurer began the quest for the Orb.
     0 | D:1      | Reached XP level 1. HP: 14/14 MP: 3/3
   224 | D:1      | Reached XP level 2. HP: 20/20 MP: 3/5
   228 | D:1      | Learned a level 2 spell: Searing Ray
  1172 | D:2      | Reached XP level 3. HP: 26/26 MP: 2/6
  1588 | D:2      | Slain by an adder

Vault maps used:
D:1:      dpeg_arrival_refuge, corexii_item_surrounded_by_moat,
          minmay_misc_feat_pillars
D:2:      cheibrodos_helix_gallery, marbit_many_paths, hangedman_decor_points,
          serial_bayou_lake_a

Skill      XL: |  1  2 |
---------------+-------+-----
Dodging        | 2 |  2.2
Stealth        | 2 |  2.2
Spellcasting   | |  2.7
Conjurations   | |  4.4

Action                   || total
-------------------------++-------
Melee: Whip              ||    14
       Tailslap          ||     5
       Unarmed           ||     2
       Short sword       ||     5
       Spear             ||    20
 Cast: Magic Dart        ||    36
       Searing Ray       ||    13
  Use: Scroll            ||     1
 Stab: Sleeping          ||     2
  Eat: Chunk             ||     3
Armor: Skin              ||    24
Dodge: Dodged            ||    51

Table legend:
 A = Spawn XP
 B = Non-spawn XP
 C = Spawn XP percentage of total XP
 D = Spawn monster count
 E = Non-spawn monster count
 F = Spawn count percentage of total count
 G = Total turns spent on level
                    A         B        C        D         E        F      G
               +---------+---------+-------+---------+---------+-------+---------
         Total |       0 |      80 |   0.0 |       0 |      29 |   0.0 |  1588
               +---------+---------+-------+---------+---------+-------+---------
           D:1 |       0 |      33 |   0.0 |       0 |      21 |   0.0 |  1153
           D:2 |       0 |      47 |   0.0 |       0 |       8 |   0.0 |   435
               +---------+---------+-------+---------+---------+-------+---------
